Gangsters vs Blackdemons

Created - November 4, 2017 at 19:39

Goals
1 2 3 T
Gangsters 2 1 0 3
Blackdemons 0 2 2 4
Shots
1 2 3 T
Gangsters 8 15 4 27
Blackdemons 11 19 12 42

1st period

1. Gangsters , Maxime Sauvé 2 (Michael Sdao 1) at 8:35
2. Gangsters , Magnus Paajarvi-Svensson 9 (Michael Sdao 2) at 11:27

Penalties :
Morgan Ellis (Bro) for Holding (Minor) at 3:22

2nd period

3. Blackdemons , Blake Pietila 4 (Branko Radivojevic 1, Keaton Ellerby 9) at 0:35
4. Blackdemons , Max Friberg 3 (Calvin de Haan 2) at 7:08
5. Gangsters , Chris Bourque 9 (Patrik Nemeth 10) at 14:36 (PP)

Penalties :
Ales Kotalik (MJM) for Holding (Minor) at 1:25, Chris Bourque (Bro) for Goalie Interference (Minor) at 4:52, Ales Kotalik (MJM) for Holding (Minor) at 11:34, Andy McDonald (MJM) for Hooking (Minor) at 14:22

3rd period

6. Blackdemons , Patrice Cormier 5 (Jeffrey Foss 5, Branko Radivojevic 2) at 1:58 (PP)
7. Blackdemons , Noel Acciari 5 (Alexandre Grenier 6, Keaton Ellerby 10) at 19:03

Penalties :
Chris Bourque (Bro) for Hooking (Minor) at 0:36, Maxime Sauvé (Bro) for Hooking (Minor) at 5:19

Goalie Stats

Dustin Tokarski (Bro), 38 saves from 42 shots - (0.905), L, 3-2-0, 59:13 minutes
Matt Hackett (MJM), 24 saves from 27 shots - (0.889), W, 5-3-0, 60:00 minutes

Players Stats for Gangsters

Player Name              G  A  P  +/- PIM S  H  SB GA TA FO     MP     PP MP  PK MP  
------------------------------------------------------------------------------------
Artem Anisimov           0  0  0   0  0   3  1  0  4  1  13/32  23:40   2:55   4:03 
Brendan Woods            0  0  0  -1  0   0  1  1  1  0  0/0    11:22   0:00   0:15 
Chris Bourque            1  0  1  -1  4   4  0  0  0  0  0/3    20:54   2:55   1:52 
Dave Dziurzynski         0  0  0   0  0   1  1  0  0  0  0/0     6:57   0:00   0:00 
Derrick Pouliot          0  0  0  -1  0   0  0  1  0  0  0/0    11:07   0:00   1:16 
Devante Smith-Pelly      0  0  0   0  0   1  0  0  1  0  1/1     7:24   0:00   0:00 
Jonas Brodin             0  0  0   0  0   0  0  0  0  0  0/0    10:20   0:00   0:00 
Magnus Paajarvi-Svensson 1  0  1   0  0   5  3  0  1  0  0/0    17:47   1:17   1:47 
Matt Delahey             0  0  0   0  0   1  0  0  0  1  0/0    19:50   1:31   2:51 
Maxime Sauvé             1  0  1   0  2   1  3  0  0  0  7/18   17:41   1:17   0:46 
Michael Sdao             0  2  2   1  0   0  1  1  0  0  0/0    19:56   1:31   2:51 
Morgan Ellis             0  0  0  -1  2   2  2  1  0  4  0/0    28:41   2:41   3:12 
Patrik Nemeth            0  1  1  -1  0   1  1  1  0  1  0/0    30:13   2:41   4:28 
Richard Panik            0  0  0   0  0   2  0  0  1  0  0/0    15:36   1:17   0:00 
Sebastian Collberg       0  0  0   0  0   0  0  0  0  1  2/4     5:03   0:00   2:27 
Seth Griffith            0  0  0  -1  0   1  2  0  0  0  1/3    12:06   0:00   0:27 
Stefan Noesen            0  0  0   0  0   0  1  1  1  0  0/0     8:35   0:00   0:00 
Tomas Hertl              0  0  0   0  0   5  4  0  0  0  2/7    25:25   2:55   3:01 

Players Stats for Blackdemons

Player Name              G  A  P  +/- PIM S  H  SB GA TA FO     MP     PP MP  PK MP  
------------------------------------------------------------------------------------
Ales Kotalik             0  0  0   0  4   6  4  1  5  1  1/2    22:24   4:21   0:00 
Alexandre Grenier        0  1  1   1  0   5  0  0  0  0  0/0    11:00   0:22   0:00 
Andrew MacDonald         0  0  0   0  0   1  2  2  0  2  0/0    23:59   4:02   3:03 
Andy McDonald            0  0  0   0  2   5  3  2  1  0  3/8    23:21   2:49   2:33 
Blake Pietila            1  0  1  -1  0   4  3  0  0  0  0/1    17:43   4:20   0:12 
Branko Radivojevic       0  2  2  -1  0   6  0  0  0  0  0/0    15:52   2:46   0:00 
Brett Kulak              0  0  0  -1  0   0  1  0  0  0  0/0     4:49   0:00   0:00 
Calvin de Haan           0  1  1   1  0   1  1  0  0  0  0/0    12:09   3:17   1:09 
Charles-Olivier Roussel  0  0  0   0  0   0  1  0  0  0  0/0     7:01   0:00   0:00 
Jeffrey Foss             0  1  1   1  0   0  0  3  0  0  0/0    20:29   3:17   1:09 
Keaton Ellerby           0  2  2   1  0   1  2  1  0  1  0/0    27:41   4:02   3:03 
Klas Dahlbeck            0  0  0  -1  0   0  0  0  0  0  0/0     4:49   0:00   0:00 
Kyle Rau                 0  0  0   1  0   2  0  0  1  1  2/3     8:08   0:00   1:02 
Mackenzie MacEachern     0  0  0   1  0   1  0  0  0  0  0/0     6:58   0:00   0:00 
Martin Hanzal            0  0  0  -1  0   4  0  1  1  0  14/20  21:07   4:14   3:07 
Mathew Dumba             0  0  0   1  0   0  2  1  0  3  0/0    19:03   0:00   0:00 
Max Friberg              1  0  1   1  0   1  0  0  0  0  0/0     6:58   0:00   0:00 
Noel Acciari             1  0  1   1  0   3  1  0  0  0  4/8    11:22   0:16   0:49 
Patrice Cormier          1  0  1   0  0   2  0  0  0  0  18/26  20:42   2:49   0:41 
Scott Wilson             0  0  0   1  0   0  1  0  0  1  0/0    10:10   0:00   0:00 

3 Stars

1 - Keaton Ellerby (MJM)
2 - Michael Sdao (Bro)
3 - Noel Acciari (MJM)

Power Play

Gangsters - 1 on 3 Attempt(s) - 33.33%
Blackdemons - 1 on 4 Attempt(s) - 25.00%

Penalty Kill

Gangsters - 3 on 4 Attempt(s) - 75.00% - Score 0 goal in Penalty Kill
Blackdemons - 2 on 3 Attempt(s) - 66.67% - Score 0 goal in Penalty Kill

Team Stat

Gangsters - Hits : 20 - Faceoff Wins : 26 - Blocked Shots : 6 - Penalty Minutes : 8
Blackdemons - Hits : 21 - Faceoff Wins : 42 - Blocked Shots : 11 - Penalty Minutes : 6

Official

Referees : Kimmerly Greg and LaRue Dennis
Linesman : Derek Amell and Michel Cormier

Game Notes

Stefan Noesen is injured at 4:47 of 3rd period (Bruised Right Foot)
Dave Dziurzynski is injured at 16:27 of 3rd period (Back Surgery)

Finance

Level 1 -- Attendance: 1453 (72.65%) -- Ticket Income $53,761
Level 2 -- Attendance: 768 (76.80%) -- Ticket Income $13,056
Total Attendance: 2221 (74.03%)
Total Ticket Income: $66,817
Other Income: $3,341
Total Income: $70,158

Gangsters

5 vs 5 Forward 
   Center                   Left Wing                Right Wing               Time % Phy DF OF 
 1 Artem Anisimov           Chris Bourque            Tomas Hertl              40     1   2  2  
 2 Maxime Sauvé             Magnus Paajarvi-Svensson Richard Panik            30     1   2  2  
 3 Tomas Hertl              Dave Dziurzynski         Devante Smith-Pelly      20     1   2  2  
 4 Seth Griffith            Brendan Woods            Stefan Noesen            10     1   2  2  

5 vs 5 Defense 
   Defense                  Defense                                           Time % Phy DF OF 
 1 Morgan Ellis             Patrik Nemeth                                     40     1   2  2  
 2 Matt Delahey             Michael Sdao                                      30     1   2  2  
 3 Patrik Nemeth            Morgan Ellis                                      20     1   2  2  
 4 Jonas Brodin             Derrick Pouliot                                   10     1   2  2  

PowerPlay Forward 
   Center                   Left Wing                Right Wing               Time % Phy DF OF 
 1 Artem Anisimov           Chris Bourque            Tomas Hertl              60     1   2  2  
 2 Maxime Sauvé             Magnus Paajarvi-Svensson Richard Panik            40     1   2  2  

PowerPlay Defense
   Defense                  Defense                                           Time % Phy DF OF 
 1 Morgan Ellis             Patrik Nemeth                                     60     1   2  2  
 2 Matt Delahey             Michael Sdao                                      40     1   2  2  

Penalty Kill 4 Players Forward 
   Center                   Wing                     Time % Phy DF OF 
 1 Chris Bourque            Artem Anisimov           60     1   2  2  
 2 Tomas Hertl              Maxime Sauvé             40     1   2  2  

Penalty Kill 4 Players Defense
   Defense                  Defense                  Time % Phy DF OF 
 1 Morgan Ellis             Patrik Nemeth            60     1   2  2  
 2 Matt Delahey             Michael Sdao             40     1   2  2  

Penalty Kill - 3 Players Forward 
   Forward                                           Time % Phy DF OF 
 1 Chris Bourque                                     60     1   2  2  
 2 Artem Anisimov                                    40     1   2  2  

Penalty Kill - 3 Players Defense
   Defense                  Defense                  Time % Phy DF OF 
 1 Morgan Ellis             Patrik Nemeth            60     1   2  2  
 2 Matt Delahey             Michael Sdao             40     1   2  2  

4 vs 4 Forward 
   Center                   Wing                     Time % Phy DF OF 
 1 Chris Bourque            Artem Anisimov           60     1   2  2  
 2 Richard Panik            Maxime Sauvé             40     1   2  2  

4 vs 4 Defense
   Defense                  Defense                  Time % Phy DF OF 
 1 Morgan Ellis             Patrik Nemeth            60     1   2  2  
 2 Matt Delahey             Michael Sdao             40     1   2  2  

Last Minutes Offensive
   Center                   Left Wing                Right Wing               Defense                  Defense                  
   Artem Anisimov           Chris Bourque            Maxime Sauvé             Matt Delahey             Patrik Nemeth            

Last Minutes Defensive
   Center                   Left Wing                Right Wing               Defense                  Defense                  
   Artem Anisimov           Chris Bourque            Maxime Sauvé             Matt Delahey             Patrik Nemeth            

Goaltenders
Starting : Dustin Tokarski          
Backup : Mike Condon              

Extra Forwards
Normal : Artem Anisimov, Chris Bourque, Sebastian Collberg - PP : Chris Bourque, Artem Anisimov - PK : Sebastian Collberg
Extra Defensemen
Normal : Patrik Nemeth, Matt Delahey, Morgan Ellis - PP : Patrik Nemeth - PK : Patrik Nemeth, Morgan Ellis
Penalty Shots
Chris Bourque, Artem Anisimov, Magnus Paajarvi-Svensson, Maxime Sauvé, Tomas Hertl

Scratches
Bryan Young (Healthy), Kevin Roy (Healthy), Brett Ponich (Healthy), Stefan Noesen (Bruised Right Foot Injury), Ryan Culkin (Healthy)
Phillip Danault (Healthy), Austen Brassard (Healthy), Dave Dziurzynski (Back Surgery Injury), Jordan Binnington (Healthy)

Blackdemons

5 vs 5 Forward 
   Center                   Left Wing                Right Wing               Time % Phy DF OF 
 1 Patrice Cormier          Andy McDonald            Ales Kotalik             40     0   1  4  
 2 Martin Hanzal            Blake Pietila            Branko Radivojevic       32     0   1  4  
 3 Noel Acciari             Scott Wilson             Alexandre Grenier        20     1   2  2  
 4 Kyle Rau                 Mackenzie MacEachern     Max Friberg              8      1   2  2  

5 vs 5 Defense 
   Defense                  Defense                                           Time % Phy DF OF 
 1 Keaton Ellerby           Mathew Dumba                                      42     0   3  2  
 2 Andrew MacDonald         Jeffrey Foss                                      35     0   3  2  
 3 Calvin de Haan           Charles-Olivier Roussel                           16     1   3  1  
 4 Klas Dahlbeck            Brett Kulak                                       7      1   3  1  

PowerPlay Forward 
   Center                   Left Wing                Right Wing               Time % Phy DF OF 
 1 Martin Hanzal            Blake Pietila            Ales Kotalik             60     0   1  4  
 2 Patrice Cormier          Andy McDonald            Branko Radivojevic       40     0   1  4  

PowerPlay Defense
   Defense                  Defense                                           Time % Phy DF OF 
 1 Keaton Ellerby           Andrew MacDonald                                  60     0   1  4  
 2 Calvin de Haan           Jeffrey Foss                                      40     0   1  4  

Penalty Kill 4 Players Forward 
   Center                   Wing                     Time % Phy DF OF 
 1 Andy McDonald            Martin Hanzal            60     1   4  0  
 2 Ales Kotalik             Patrice Cormier          40     1   4  0  

Penalty Kill 4 Players Defense
   Defense                  Defense                  Time % Phy DF OF 
 1 Keaton Ellerby           Andrew MacDonald         60     1   4  0  
 2 Calvin de Haan           Jeffrey Foss             40     1   4  0  

Penalty Kill - 3 Players Forward 
   Forward                                           Time % Phy DF OF 
 1 Andy McDonald                                     60     1   4  0  
 2 Martin Hanzal                                     40     1   4  0  

Penalty Kill - 3 Players Defense
   Defense                  Defense                  Time % Phy DF OF 
 1 Keaton Ellerby           Andrew MacDonald         60     1   4  0  
 2 Calvin de Haan           Jeffrey Foss             40     1   4  0  

4 vs 4 Forward 
   Center                   Wing                     Time % Phy DF OF 
 1 Andy McDonald            Martin Hanzal            60     1   2  2  
 2 Ales Kotalik             Patrice Cormier          40     1   2  2  

4 vs 4 Defense
   Defense                  Defense                  Time % Phy DF OF 
 1 Keaton Ellerby           Andrew MacDonald         60     1   2  2  
 2 Calvin de Haan           Jeffrey Foss             40     1   2  2  

Last Minutes Offensive
   Center                   Left Wing                Right Wing               Defense                  Defense                  
   Martin Hanzal            Andy McDonald            Ales Kotalik             Keaton Ellerby           Andrew MacDonald         

Last Minutes Defensive
   Center                   Left Wing                Right Wing               Defense                  Defense                  
   Martin Hanzal            Andy McDonald            Ales Kotalik             Keaton Ellerby           Andrew MacDonald         

Goaltenders
Starting : Matt Hackett             
Backup : Alexander Salak          

Extra Forwards
Normal : Alexandre Grenier, Noel Acciari, Kyle Rau - PP : Alexandre Grenier, Noel Acciari - PK : Kyle Rau
Extra Defensemen
Normal : Mathew Dumba, Charles-Olivier Roussel, Keaton Ellerby - PP : Mathew Dumba - PK : Charles-Olivier Roussel, Calvin de Haan
Penalty Shots
Andy McDonald, Martin Hanzal, Ales Kotalik, Patrice Cormier, Branko Radivojevic

Scratches
Sergei Plotnikov (Healthy), Scott Timmins (Healthy), Dan Bertram (Healthy), Colin Smith (Healthy), Mikko Lehtonen (Healthy)
Jyrki Jokipakka (Healthy), Reece Scarlett (Healthy), Ben Maxwell (Healthy), Nicolas Deschamps (Healthy), Jacob Lagacé (Healthy)
James Livingstone (Healthy), Sami Aittokallio (Healthy)

% Time on Ice - Gangsters

Lines # - Real PCT - Wanted PCT - Time Play
Normal Forward
1 - 32% - 40% - 15:00
2 - 30% - 30% - 14:26
3 - 15% - 20% - 7:17
4 - 23% - 10% - 10:50
Normal Defense
1 - 36% - 40% - 17:01
2 - 31% - 30% - 14:32
3 - 12% - 20% - 5:40
4 - 22% - 10% - 10:20
PP Forward
1 - 69% - 60% - 2:55
2 - 31% - 40% - 1:17
PP Defense
1 - 64% - 60% - 2:41
2 - 36% - 40% - 1:31
PK Forward
1 - 79% - 60% - 5:46
2 - 21% - 40% - 1:33
PK Defense
1 - 61% - 60% - 4:28
2 - 39% - 40% - 2:51
PK3 Forward
1 - 0% - 60%
2 - 0% - 40%
PK3 Defense
1 - 0% - 60%
2 - 0% - 40%
44 Forward
1 - 0% - 60%
2 - 0% - 40%
44 Defense
1 - 0% - 60%
2 - 0% - 40%
Last Minute Offensive  - 0:56
Last Minute Defensive  - 0:00
Total
Forward - 60:00
Defense - 60:00

% Time on Ice - Blackdemons

Lines # - Real PCT - Wanted PCT - Time Play
Normal Forward
1 - 36% - 40% - 17:06
2 - 28% - 32% - 13:19
3 - 21% - 20% - 10:10
4 - 15% - 8% - 6:58
Normal Defense
1 - 41% - 42% - 19:40
2 - 34% - 35% - 16:03
3 - 15% - 16% - 7:01
4 - 10% - 7% - 4:49
PP Forward
1 - 62% - 60% - 4:30
2 - 38% - 40% - 2:49
PP Defense
1 - 55% - 60% - 4:02
2 - 45% - 40% - 3:17
PK Forward
1 - 84% - 60% - 3:31
2 - 16% - 40% - 0:41
PK Defense
1 - 73% - 60% - 3:03
2 - 27% - 40% - 1:09
PK3 Forward
1 - 0% - 60%
2 - 0% - 40%
PK3 Defense
1 - 0% - 60%
2 - 0% - 40%
44 Forward
1 - 0% - 60%
2 - 0% - 40%
44 Defense
1 - 0% - 60%
2 - 0% - 40%
Last Minute Offensive  - 0:00
Last Minute Defensive  - 0:56
Total
Forward - 60:00
Defense - 60:00

Play by Play

1st period


0:01 of 1st period - Patrice Cormier wins face-off versus Artem Anisimov in neutral zone.
0:16 of 1st period - Wrist shot by Andy McDonald.
0:16 of 1st period - Stopped by Dustin Tokarski with a rebound.
0:26 of 1st period - Mathew Dumba is hit by Maxime Sauvé and loses puck.
0:37 of 1st period - Slapshot by Maxime Sauvé.
0:37 of 1st period - Shot Misses the Net.
0:48 of 1st period - Off-side.
0:49 of 1st period - Noel Acciari wins face-off versus Seth Griffith in neutral zone.
0:58 of 1st period - Slapshot by Jeffrey Foss.
0:58 of 1st period - Shot Blocked by Brendan Woods.
1:39 of 1st period - Patrik Nemeth is hit by Andy McDonald and loses puck.
1:58 of 1st period - Slapshot by Branko Radivojevic.
1:58 of 1st period - Stopped by Dustin Tokarski without a rebound.
1:59 of 1st period - Tomas Hertl wins face-off versus Martin Hanzal in Gangsters zone.
2:12 of 1st period - Slapshot by Tomas Hertl.
2:12 of 1st period - Stopped by Matt Hackett with a rebound.
2:24 of 1st period - Snap shot by Branko Radivojevic.
2:24 of 1st period - Shot Misses the Net.
2:26 of 1st period - Snap shot by Branko Radivojevic.
2:26 of 1st period - Shot Blocked by Michael Sdao.
2:46 of 1st period - Wrist shot by Martin Hanzal.
2:46 of 1st period - Stopped by Dustin Tokarski without a rebound.
2:47 of 1st period - Patrice Cormier wins face-off versus Artem Anisimov in Gangsters zone.
2:56 of 1st period - Wrist shot by Patrice Cormier.
2:56 of 1st period - Shot Blocked by Derrick Pouliot.
2:58 of 1st period - Slapshot by Charles-Olivier Roussel.
2:58 of 1st period - Deflect By Andy McDonald.
2:58 of 1st period - Stopped by Dustin Tokarski without a rebound.
2:59 of 1st period - Artem Anisimov wins face-off versus Patrice Cormier in Gangsters zone.
3:22 of 1st period - Minor Penalty to Morgan Ellis for Holding.
3:23 of 1st period - Martin Hanzal wins face-off versus Chris Bourque in Gangsters zone.
5:22 of 1st period - Penalty to Morgan Ellis is over, Morgan Ellis is back on ice.
5:33 of 1st period - Max Friberg is hit by Stefan Noesen and loses puck.
5:57 of 1st period - Morgan Ellis is hit by Noel Acciari.
6:09 of 1st period - Calvin de Haan is hit by Dave Dziurzynski and loses puck.
7:39 of 1st period - Mathew Dumba is hit by Michael Sdao and loses puck.
8:35 of 1st period - Wrist shot by Maxime Sauvé.
8:35 of 1st period - Goal by Maxime Sauvé - Gangsters : 1 - Blackdemons : 0.
8:36 of 1st period - Maxime Sauvé wins face-off versus Patrice Cormier in neutral zone.
9:44 of 1st period - Snap shot by Dave Dziurzynski.
9:44 of 1st period - Shot Misses the Net.
9:46 of 1st period - Snap shot by Tomas Hertl.
9:46 of 1st period - Stopped by Matt Hackett with a rebound.
9:52 of 1st period - Snap shot by Tomas Hertl.
9:52 of 1st period - Shot Blocked by Jeffrey Foss.
10:06 of 1st period - Wrist shot by Magnus Paajarvi-Svensson.
10:06 of 1st period - Stopped by Matt Hackett with a rebound.
10:22 of 1st period - Patrice Cormier is hit by Tomas Hertl and loses puck.
10:49 of 1st period - Patrik Nemeth is hit by Andy McDonald and loses puck.
10:56 of 1st period - Snap shot by Ales Kotalik.
10:56 of 1st period - Stopped by Dustin Tokarski with a rebound.
11:05 of 1st period - Icing by Brett Kulak.
11:06 of 1st period - Martin Hanzal wins face-off versus Maxime Sauvé in Blackdemons zone.
11:06 of 1st period - Martin Hanzal is hit by Maxime Sauvé.
11:19 of 1st period - Icing by Maxime Sauvé.
11:20 of 1st period - Martin Hanzal wins face-off versus Maxime Sauvé in Gangsters zone.
11:27 of 1st period - Wrist shot by Magnus Paajarvi-Svensson.
11:27 of 1st period - Goal by Magnus Paajarvi-Svensson - Gangsters : 2 - Blackdemons : 0.
11:28 of 1st period - Patrice Cormier wins face-off versus Artem Anisimov in neutral zone.
11:41 of 1st period - Slapshot by Ales Kotalik.
11:41 of 1st period - Shot Misses the Net.
11:43 of 1st period - Snap shot by Ales Kotalik.
11:43 of 1st period - Stopped by Dustin Tokarski with a rebound.
11:45 of 1st period - Wrist shot by Keaton Ellerby.
11:45 of 1st period - Shot Misses the Net.
11:55 of 1st period - Branko Radivojevic is hit by Magnus Paajarvi-Svensson and loses puck.
12:28 of 1st period - Wrist shot by Noel Acciari.
12:28 of 1st period - Shot Misses the Net.
12:59 of 1st period - Wrist shot by Chris Bourque.
12:59 of 1st period - Stopped by Matt Hackett without a rebound.
13:00 of 1st period - Artem Anisimov wins face-off versus Patrice Cormier in Blackdemons zone.
13:03 of 1st period - Slapshot by Artem Anisimov.
13:03 of 1st period - Shot Misses the Net.
13:05 of 1st period - Backhand shot by Tomas Hertl.
13:05 of 1st period - Stopped by Matt Hackett with a rebound.
13:07 of 1st period - Wrist shot by Tomas Hertl.
13:07 of 1st period - Stopped by Matt Hackett without a rebound.
13:08 of 1st period - Andy McDonald wins face-off versus Maxime Sauvé in Blackdemons zone.
13:35 of 1st period - Blake Pietila is hit by Patrik Nemeth and loses puck.
13:50 of 1st period - Keaton Ellerby is hit by Tomas Hertl and loses puck.
14:01 of 1st period - Slapshot by Matt Delahey.
14:01 of 1st period - Shot Misses the Net.
14:13 of 1st period - Wrist shot by Blake Pietila.
14:13 of 1st period - Stopped by Dustin Tokarski without a rebound.
14:14 of 1st period - Patrice Cormier wins face-off versus Maxime Sauvé in Gangsters zone.
14:15 of 1st period - Wrist shot by Andy McDonald.
14:15 of 1st period - Stopped by Dustin Tokarski without a rebound.
14:16 of 1st period - Patrice Cormier wins face-off versus Maxime Sauvé in Gangsters zone.
14:25 of 1st period - Snap shot by Andy McDonald.
14:25 of 1st period - Stopped by Dustin Tokarski without a rebound.
14:26 of 1st period - Artem Anisimov wins face-off versus Patrice Cormier in Gangsters zone.
14:26 of 1st period - Artem Anisimov is hit by Andrew MacDonald.
14:36 of 1st period - Icing by Andrew MacDonald.
14:37 of 1st period - Patrice Cormier wins face-off versus Artem Anisimov in Blackdemons zone.
14:54 of 1st period - Tomas Hertl is hit by Ales Kotalik and loses puck.
16:47 of 1st period - Snap shot by Andy McDonald.
16:47 of 1st period - Stopped by Dustin Tokarski without a rebound.
16:48 of 1st period - Maxime Sauvé wins face-off versus Martin Hanzal in Gangsters zone.
17:59 of 1st period - Brendan Woods is hit by Brett Kulak and loses puck.
18:41 of 1st period - Slapshot by Blake Pietila.
18:41 of 1st period - Stopped by Dustin Tokarski with a rebound.
19:45 of 1st period - Icing by Maxime Sauvé.
19:46 of 1st period - Devante Smith-Pelly wins face-off versus Martin Hanzal in Gangsters zone.
Goals for this period are 2 for Gangsters vs 0 for Blackdemons.
Shots for this period are 8 for Gangsters vs 11 for Blackdemons.

2nd period


0:01 of 2nd period - Patrice Cormier wins face-off versus Artem Anisimov in neutral zone.
0:33 of 2nd period - Snap shot by Branko Radivojevic.
0:33 of 2nd period - Stopped by Dustin Tokarski with a rebound.
0:35 of 2nd period - Slapshot by Blake Pietila.
0:35 of 2nd period - Goal by Blake Pietila - Gangsters : 2 - Blackdemons : 1.
0:36 of 2nd period - Patrice Cormier wins face-off versus Artem Anisimov in neutral zone.
0:40 of 2nd period - Off-side.
0:41 of 2nd period - Patrice Cormier wins face-off versus Tomas Hertl in neutral zone.
0:44 of 2nd period - Snap shot by Ales Kotalik.
0:44 of 2nd period - Stopped by Dustin Tokarski with a rebound.
1:06 of 2nd period - Patrice Cormier is hit by Morgan Ellis and loses puck.
1:13 of 2nd period - Snap shot by Stefan Noesen.
1:13 of 2nd period - Shot Blocked by Andy McDonald.
1:15 of 2nd period - Slapshot by Seth Griffith.
1:15 of 2nd period - Shot Misses the Net.
1:17 of 2nd period - Wrist shot by Stefan Noesen.
1:17 of 2nd period - Shot Blocked by Ales Kotalik.
1:19 of 2nd period - Slapshot by Brendan Woods.
1:19 of 2nd period - Shot Blocked by Keaton Ellerby.
1:25 of 2nd period - Minor Penalty to Ales Kotalik for Holding.
1:26 of 2nd period - Andy McDonald wins face-off versus Artem Anisimov in Blackdemons zone.
1:45 of 2nd period - Martin Hanzal is hit by Morgan Ellis and loses puck.
2:28 of 2nd period - Blake Pietila is hit by Magnus Paajarvi-Svensson and loses puck.
3:24 of 2nd period - Tomas Hertl is hit by Andrew MacDonald and loses puck.
3:25 of 2nd period - Penalty to Ales Kotalik is over, Ales Kotalik is back on ice.
4:00 of 2nd period - Wrist shot by Blake Pietila.
4:00 of 2nd period - Stopped by Dustin Tokarski with a rebound.
4:02 of 2nd period - Snap shot by Ales Kotalik.
4:02 of 2nd period - Stopped by Dustin Tokarski without a rebound.
4:03 of 2nd period - Sebastian Collberg wins face-off versus Patrice Cormier in Gangsters zone.
4:27 of 2nd period - Snap shot by Martin Hanzal.
4:27 of 2nd period - Stopped by Dustin Tokarski without a rebound.
4:28 of 2nd period - Noel Acciari wins face-off versus Artem Anisimov in Gangsters zone.
4:33 of 2nd period - Snap shot by Noel Acciari.
4:33 of 2nd period - Stopped by Dustin Tokarski with a rebound.
4:35 of 2nd period - Slapshot by Calvin de Haan.
4:35 of 2nd period - Deflect By Tomas Hertl.
4:35 of 2nd period - Stopped by Dustin Tokarski with a rebound.
4:37 of 2nd period - Slapshot by Calvin de Haan.
4:37 of 2nd period - Shot Misses the Net.
4:39 of 2nd period - Slapshot by Alexandre Grenier.
4:39 of 2nd period - Stopped by Dustin Tokarski without a rebound.
4:40 of 2nd period - Martin Hanzal wins face-off versus Artem Anisimov in Gangsters zone.
4:52 of 2nd period - Minor Penalty to Chris Bourque for Goalie Interference.
4:53 of 2nd period - Martin Hanzal wins face-off versus Sebastian Collberg in Gangsters zone.
5:19 of 2nd period - Morgan Ellis is hit by Keaton Ellerby and loses puck.
6:52 of 2nd period - Penalty to Chris Bourque is over, Chris Bourque is back on ice.
6:52 of 2nd period - Morgan Ellis is hit by Blake Pietila and loses puck.
7:08 of 2nd period - Wrist shot by Max Friberg.
7:08 of 2nd period - Goal by Max Friberg - Gangsters : 2 - Blackdemons : 2.
7:09 of 2nd period - Patrice Cormier wins face-off versus Artem Anisimov in neutral zone.
7:12 of 2nd period - Slapshot by Keaton Ellerby.
7:12 of 2nd period - Stopped by Dustin Tokarski without a rebound.
7:13 of 2nd period - Patrice Cormier wins face-off versus Artem Anisimov in Gangsters zone.
8:10 of 2nd period - Snap shot by Stefan Noesen.
8:10 of 2nd period - Shot Blocked by Jeffrey Foss.
8:12 of 2nd period - Slapshot by Matt Delahey.
8:12 of 2nd period - Shot Blocked by Jeffrey Foss.
8:30 of 2nd period - Slapshot by Alexandre Grenier.
8:30 of 2nd period - Deflect By Scott Wilson.
8:30 of 2nd period - Shot Misses the Net.
8:30 of 2nd period - Puck is out of play.
8:31 of 2nd period - Maxime Sauvé wins face-off versus Patrice Cormier in Gangsters zone.
8:48 of 2nd period - Andy McDonald is hit by Maxime Sauvé and loses puck.
9:13 of 2nd period - Snap shot by Mackenzie MacEachern.
9:13 of 2nd period - Stopped by Dustin Tokarski with a rebound.
10:26 of 2nd period - Wrist shot by Kyle Rau.
10:26 of 2nd period - Stopped by Dustin Tokarski without a rebound.
10:27 of 2nd period - Kyle Rau wins face-off versus Tomas Hertl in Gangsters zone.
10:32 of 2nd period - Slapshot by Andrew MacDonald.
10:32 of 2nd period - Deflect By Kyle Rau.
10:32 of 2nd period - Stopped by Dustin Tokarski without a rebound.
10:33 of 2nd period - Martin Hanzal wins face-off versus Maxime Sauvé in Gangsters zone.
10:33 of 2nd period - Martin Hanzal is hit by Magnus Paajarvi-Svensson.
10:37 of 2nd period - Slapshot by Martin Hanzal.
10:37 of 2nd period - Stopped by Dustin Tokarski with a rebound.
11:00 of 2nd period - Ales Kotalik is hit by Tomas Hertl and loses puck.
11:09 of 2nd period - Slapshot by Artem Anisimov.
11:09 of 2nd period - Stopped by Matt Hackett with a rebound.
11:29 of 2nd period - Snap shot by Seth Griffith.
11:29 of 2nd period - Shot Misses the Net.
11:31 of 2nd period - Snap shot by Seth Griffith.
11:31 of 2nd period - Stopped by Matt Hackett without a rebound.
11:32 of 2nd period - Patrice Cormier wins face-off versus Maxime Sauvé in Blackdemons zone.
11:34 of 2nd period - Minor Penalty to Ales Kotalik for Holding.
11:35 of 2nd period - Artem Anisimov wins face-off versus Andy McDonald in Blackdemons zone.
11:54 of 2nd period - Icing by Artem Anisimov.
11:55 of 2nd period - Andy McDonald wins face-off versus Artem Anisimov in Gangsters zone.
12:02 of 2nd period - Slapshot by Morgan Ellis.
12:02 of 2nd period - Stopped by Matt Hackett without a rebound.
12:03 of 2nd period - Artem Anisimov wins face-off versus Andy McDonald in Blackdemons zone.
12:06 of 2nd period - Snap shot by Artem Anisimov.
12:06 of 2nd period - Stopped by Matt Hackett with a rebound.
12:08 of 2nd period - Slapshot by Morgan Ellis.
12:08 of 2nd period - Deflect By Artem Anisimov.
12:08 of 2nd period - Shot Blocked by Andrew MacDonald.
12:08 of 2nd period - Puck is out of play.
12:09 of 2nd period - Artem Anisimov wins face-off versus Andy McDonald in Blackdemons zone.
12:10 of 2nd period - Snap shot by Chris Bourque.
12:10 of 2nd period - Shot Blocked by Andy McDonald.
12:24 of 2nd period - Slapshot by Chris Bourque.
12:24 of 2nd period - Stopped by Matt Hackett without a rebound.
12:25 of 2nd period - Artem Anisimov wins face-off versus Andy McDonald in Blackdemons zone.
12:30 of 2nd period - Wrist shot by Chris Bourque.
12:30 of 2nd period - Deflect By Tomas Hertl.
12:30 of 2nd period - Stopped by Matt Hackett with a rebound.
12:36 of 2nd period - Snap shot by Artem Anisimov.
12:36 of 2nd period - Stopped by Matt Hackett without a rebound.
12:37 of 2nd period - Martin Hanzal wins face-off versus Artem Anisimov in Blackdemons zone.
13:08 of 2nd period - Slapshot by Maxime Sauvé.
13:08 of 2nd period - Shot Misses the Net.
13:10 of 2nd period - Snap shot by Richard Panik.
13:10 of 2nd period - Stopped by Matt Hackett with a rebound.
13:34 of 2nd period - Penalty to Ales Kotalik is over, Ales Kotalik is back on ice.
14:22 of 2nd period - Minor Penalty to Andy McDonald for Hooking.
14:23 of 2nd period - Kyle Rau wins face-off versus Artem Anisimov in Blackdemons zone.
14:36 of 2nd period - Snap shot by Chris Bourque.
14:36 of 2nd period - Goal by Chris Bourque - Gangsters : 3 - Blackdemons : 2.
14:37 of 2nd period - Artem Anisimov wins face-off versus Patrice Cormier in neutral zone.
14:52 of 2nd period - Snap shot by Artem Anisimov.
14:52 of 2nd period - Shot Misses the Net.
15:31 of 2nd period - Wrist shot by Martin Hanzal.
15:31 of 2nd period - Stopped by Dustin Tokarski with a rebound.
15:33 of 2nd period - Wrist shot by Branko Radivojevic.
15:33 of 2nd period - Stopped by Dustin Tokarski without a rebound.
15:34 of 2nd period - Artem Anisimov wins face-off versus Noel Acciari in Gangsters zone.
16:12 of 2nd period - Snap shot by Magnus Paajarvi-Svensson.
16:12 of 2nd period - Deflect By Martin Hanzal.
16:12 of 2nd period - Stopped by Matt Hackett without a rebound.
16:13 of 2nd period - Patrice Cormier wins face-off versus Tomas Hertl in Blackdemons zone.
17:09 of 2nd period - Wrist shot by Richard Panik.
17:09 of 2nd period - Stopped by Matt Hackett with a rebound.
17:11 of 2nd period - Wrist shot by Maxime Sauvé.
17:11 of 2nd period - Shot Hit the Post.
17:23 of 2nd period - Slapshot by Chris Bourque.
17:23 of 2nd period - Deflect By Tomas Hertl.
17:23 of 2nd period - Shot Misses the Net.
17:23 of 2nd period - Puck is out of play.
17:24 of 2nd period - Artem Anisimov wins face-off versus Kyle Rau in Blackdemons zone.
17:58 of 2nd period - Off-side.
17:59 of 2nd period - Maxime Sauvé wins face-off versus Andy McDonald in neutral zone.
18:11 of 2nd period - Snap shot by Magnus Paajarvi-Svensson.
18:11 of 2nd period - Stopped by Matt Hackett with a rebound.
18:13 of 2nd period - Slapshot by Morgan Ellis.
18:13 of 2nd period - Stopped by Matt Hackett with a rebound.
18:15 of 2nd period - Slapshot by Patrik Nemeth.
18:15 of 2nd period - Deflect By Andrew MacDonald.
18:15 of 2nd period - Stopped by Matt Hackett without a rebound.
18:16 of 2nd period - Martin Hanzal wins face-off versus Artem Anisimov in Blackdemons zone.
18:25 of 2nd period - Tomas Hertl is hit by Keaton Ellerby and loses puck.
18:42 of 2nd period - Richard Panik is hit by Mathew Dumba and loses puck.
19:11 of 2nd period - Slapshot by Alexandre Grenier.
19:11 of 2nd period - Stopped by Dustin Tokarski without a rebound.
19:12 of 2nd period - Martin Hanzal wins face-off versus Maxime Sauvé in Gangsters zone.
19:13 of 2nd period - Slapshot by Branko Radivojevic.
19:13 of 2nd period - Stopped by Dustin Tokarski without a rebound.
19:14 of 2nd period - Maxime Sauvé wins face-off versus Blake Pietila in Gangsters zone.
19:45 of 2nd period - Slapshot by Devante Smith-Pelly.
19:45 of 2nd period - Shot Misses the Net.
19:47 of 2nd period - Snap shot by Dave Dziurzynski.
19:47 of 2nd period - Stopped by Matt Hackett with a rebound.
Goals for this period are 1 for Gangsters vs 2 for Blackdemons.
Shots for this period are 15 for Gangsters vs 19 for Blackdemons.

3rd period


0:01 of 3rd period - Ales Kotalik wins face-off versus Artem Anisimov in neutral zone.
0:08 of 3rd period - Wrist shot by Patrice Cormier.
0:08 of 3rd period - Stopped by Dustin Tokarski without a rebound.
0:09 of 3rd period - Artem Anisimov wins face-off versus Patrice Cormier in Gangsters zone.
0:09 of 3rd period - Artem Anisimov is hit by Mathew Dumba.
0:17 of 3rd period - Wrist shot by Ales Kotalik.
0:17 of 3rd period - Stopped by Dustin Tokarski with a rebound.
0:19 of 3rd period - Snap shot by Ales Kotalik.
0:19 of 3rd period - Shot Blocked by Morgan Ellis.
0:36 of 3rd period - Minor Penalty to Chris Bourque for Hooking.
0:37 of 3rd period - Martin Hanzal wins face-off versus Sebastian Collberg in Gangsters zone.
0:47 of 3rd period - Slapshot by Andrew MacDonald.
0:47 of 3rd period - Deflect By Martin Hanzal.
0:47 of 3rd period - Shot Blocked by Patrik Nemeth.
0:47 of 3rd period - Puck is out of play.
0:48 of 3rd period - Sebastian Collberg wins face-off versus Martin Hanzal in Gangsters zone.
1:13 of 3rd period - Andrew MacDonald is hit by Artem Anisimov and loses puck.
1:56 of 3rd period - Snap shot by Branko Radivojevic.
1:56 of 3rd period - Shot Misses the Net.
1:58 of 3rd period - Slapshot by Jeffrey Foss.
1:58 of 3rd period - Deflect By Patrice Cormier.
1:58 of 3rd period - Goal by Patrice Cormier - Gangsters : 3 - Blackdemons : 3.
1:59 of 3rd period - Maxime Sauvé wins face-off versus Noel Acciari in neutral zone.
2:37 of 3rd period - Wrist shot by Chris Bourque.
2:37 of 3rd period - Stopped by Matt Hackett with a rebound.
2:54 of 3rd period - Icing by Ales Kotalik.
2:55 of 3rd period - Patrice Cormier wins face-off versus Seth Griffith in Blackdemons zone.
3:22 of 3rd period - Snap shot by Alexandre Grenier.
3:22 of 3rd period - Stopped by Dustin Tokarski with a rebound.
3:24 of 3rd period - Wrist shot by Noel Acciari.
3:24 of 3rd period - Stopped by Dustin Tokarski without a rebound.
3:25 of 3rd period - Noel Acciari wins face-off versus Artem Anisimov in Gangsters zone.
4:17 of 3rd period - Off-side.
4:18 of 3rd period - Seth Griffith wins face-off versus Martin Hanzal in neutral zone.
4:31 of 3rd period - Slapshot by Stefan Noesen.
4:31 of 3rd period - Shot Blocked by Mathew Dumba.
4:47 of 3rd period - Wrist shot by Max Friberg.
4:47 of 3rd period - Shot Blocked by Stefan Noesen.
4:47 of 3rd period - Stefan Noesen from Gangsters is injured at 4:47 of 3rd period (Bruised Right Foot).
4:48 of 3rd period - Patrice Cormier wins face-off versus Artem Anisimov in Gangsters zone.
5:19 of 3rd period - Minor Penalty to Maxime Sauvé for Hooking.
5:20 of 3rd period - Martin Hanzal wins face-off versus Chris Bourque in Gangsters zone.
5:46 of 3rd period - Chris Bourque is hit by Andy McDonald and loses puck.
7:19 of 3rd period - Penalty to Maxime Sauvé is over, Maxime Sauvé is back on ice.
7:42 of 3rd period - Snap shot by Magnus Paajarvi-Svensson.
7:42 of 3rd period - Stopped by Matt Hackett without a rebound.
7:43 of 3rd period - Noel Acciari wins face-off versus Tomas Hertl in Blackdemons zone.
7:56 of 3rd period - Wrist shot by Alexandre Grenier.
7:56 of 3rd period - Stopped by Dustin Tokarski without a rebound.
7:57 of 3rd period - Martin Hanzal wins face-off versus Chris Bourque in Gangsters zone.
8:01 of 3rd period - Icing by Tomas Hertl.
8:02 of 3rd period - Artem Anisimov wins face-off versus Martin Hanzal in Gangsters zone.
8:02 of 3rd period - Artem Anisimov is hit by Blake Pietila.
8:32 of 3rd period - Slapshot by Andrew MacDonald.
8:32 of 3rd period - Stopped by Dustin Tokarski without a rebound.
8:33 of 3rd period - Patrice Cormier wins face-off versus Maxime Sauvé in Gangsters zone.
9:08 of 3rd period - Snap shot by Chris Bourque.
9:08 of 3rd period - Shot Misses the Net.
9:22 of 3rd period - Scott Wilson is hit by Seth Griffith and loses puck.
10:04 of 3rd period - Snap shot by Andy McDonald.
10:04 of 3rd period - Shot Misses the Net.
10:37 of 3rd period - Wrist shot by Branko Radivojevic.
10:37 of 3rd period - Stopped by Dustin Tokarski without a rebound.
10:38 of 3rd period - Martin Hanzal wins face-off versus Tomas Hertl in Gangsters zone.
10:53 of 3rd period - Wrist shot by Branko Radivojevic.
10:53 of 3rd period - Stopped by Dustin Tokarski with a rebound.
11:17 of 3rd period - Jeffrey Foss is hit by Tomas Hertl and loses puck.
11:38 of 3rd period - Wrist shot by Devante Smith-Pelly.
11:38 of 3rd period - Stopped by Matt Hackett without a rebound.
11:39 of 3rd period - Maxime Sauvé wins face-off versus Ales Kotalik in Blackdemons zone.
11:44 of 3rd period - Matt Delahey is hit by Ales Kotalik and loses puck.
13:01 of 3rd period - Mackenzie MacEachern is hit by Brendan Woods and loses puck.
13:46 of 3rd period - Jeffrey Foss is hit by Seth Griffith.
14:31 of 3rd period - Chris Bourque is hit by Calvin de Haan and loses puck.
14:38 of 3rd period - Artem Anisimov is hit by Scott Wilson and loses puck.
14:53 of 3rd period - Snap shot by Ales Kotalik.
14:53 of 3rd period - Stopped by Dustin Tokarski without a rebound.
14:54 of 3rd period - Patrice Cormier wins face-off versus Maxime Sauvé in Gangsters zone.
15:29 of 3rd period - Off-side.
15:30 of 3rd period - Artem Anisimov wins face-off versus Noel Acciari in neutral zone.
15:55 of 3rd period - Morgan Ellis is hit by Ales Kotalik and loses puck.
16:26 of 3rd period - Dave Dziurzynski is hit by Blake Pietila and loses puck.
16:27 of 3rd period - Dave Dziurzynski from Gangsters is injured at 16:27 of 3rd period (Back Surgery).
16:28 of 3rd period - Tomas Hertl wins face-off versus Noel Acciari in Gangsters zone.
16:37 of 3rd period - Wrist shot by Devante Smith-Pelly.
16:37 of 3rd period - Shot Blocked by Andrew MacDonald.
16:53 of 3rd period - Magnus Paajarvi-Svensson is hit by Ales Kotalik and loses puck.
17:43 of 3rd period - Michael Sdao is hit by Charles-Olivier Roussel and loses puck.
18:08 of 3rd period - Icing by Patrice Cormier.
18:09 of 3rd period - Patrice Cormier wins face-off versus Maxime Sauvé in Blackdemons zone.
19:01 of 3rd period - Snap shot by Alexandre Grenier.
19:01 of 3rd period - Stopped by Dustin Tokarski with a rebound.
19:03 of 3rd period - Snap shot by Noel Acciari.
19:03 of 3rd period - Goal by Noel Acciari - Gangsters : 3 - Blackdemons : 4.
19:04 of 3rd period - Martin Hanzal wins face-off versus Artem Anisimov in neutral zone.
19:13 of 3rd period - Gangsters, Dustin Tokarski is pulled from the net.
19:13 of 3rd period - Snap shot by Maxime Sauvé.
19:13 of 3rd period - Shot Blocked by Martin Hanzal.
19:15 of 3rd period - Snap shot by Matt Delahey.
19:15 of 3rd period - Stopped by Matt Hackett with a rebound.
Goals for this period are 0 for Gangsters vs 2 for Blackdemons.
Shots for this period are 4 for Gangsters vs 12 for Blackdemons.